TOP OF THE 1ST |
Weslaco Chiefs batting - Pitching for Oceanside Swamp Foxes : RHP Héctor Montoya
|
Pitching: RHP Héctor Montoya
|
|
Batting: LHB Alberto Varela
|
0-0: Foul Ball, location: 2F 0-1: Ground out 6-3 (Groundball, 6MD)
|
Batting: RHB António Martínez
|
0-0: Swinging Strike 0-1: Ball 1-1: Foul Ball, location: 2F 1-2: Ball 2-2: Strikes out swinging
|
Batting: RHB Germán Romero
|
0-0: Called Strike 0-1: Swinging Strike 0-2: Foul Ball, location: 2F 0-2: Foul Ball, location: 2F 0-2: Ball 1-2: Ball 2-2: Foul Ball, location: 2F 2-2: Ball 3-2: Foul Ball, location: 2F 3-2: Foul Ball, location: 2F 3-2: Strikes out swinging
|
Top of the 1st over - 0 run(s), 0 hit(s), 0 error(s), 0 left on base; Weslaco 0 - Oceanside 0 |
BOTTOM OF THE 1ST |
Oceanside Swamp Foxes batting - Pitching for Weslaco Chiefs : RHP Jesús Sánchez
|
Pitching: RHP Jesús Sánchez
|
|
Batting: LHB Joel Nelson
|
0-0: Fly out, F7 (Flyball, 7LM)
|
Batting: SHB Alberto Sandoval
|
0-0: Ball 1-0: Ball 2-0: Ball 3-0: Called Strike 3-1: SINGLE (Groundball, 34D)
|
Batting: LHB Hamilton Hughes
|
0-0: Ball 1-0: Called Strike 1-1: Fly out, F7 (Popup, 6D)
|
Batting: SHB Tony Yan
|
0-0: Ball 1-0: Called Strike 1-1: Ball 2-1: Foul Ball, location: 2F 2-2: Fly out, F7 (Flyball, 78XD)
|
Bottom of the 1st over - 0 run(s), 1 hit(s), 0 error(s), 1 left on base; Weslaco 0 - Oceanside 0 |
TOP OF THE 2ND |
Weslaco Chiefs batting - Pitching for Oceanside Swamp Foxes : RHP Héctor Montoya
|
Batting: LHB Ralph Cobb
|
0-0: Swinging Strike 0-1: Swinging Strike 0-2: Strikes out swinging
|
Batting: RHB Rob Byrd
|
0-0: Foul Ball, location: 2F 0-1: Ball 1-1: Ball 2-1: Ground out 6-3 (Groundball, 6)
|
Batting: RHB Toshiki Kokawa
|
0-0: Ground out 5-3 (Groundball, 5S)
|
Top of the 2nd over - 0 run(s), 0 hit(s), 0 error(s), 0 left on base; Weslaco 0 - Oceanside 0 |
BOTTOM OF THE 2ND |
Oceanside Swamp Foxes batting - Pitching for Weslaco Chiefs : RHP Jesús Sánchez
|
Batting: RHB Rob Turner
|
0-0: Ball 1-0: Foul Ball, location: 2F 1-1: Ball 2-1: Foul Ball, location: 2F 2-2: Ball 3-2: Foul Ball, location: 2F 3-2: Foul Ball, location: 2F 3-2: Foul Ball, location: 2F 3-2: Ground out 5-3 (Groundball, 5S)
|
Batting: RHB Joe Brinkman
|
0-0: Ball 1-0: Ball 2-0: Called Strike 2-1: Called Strike 2-2: Ball 3-2: Ground out 4-3 (Groundball, 4)
|
Batting: SHB David Boyle
|
0-0: Foul Ball, location: 2F 0-1: Ball 1-1: Fly out, F9 (Flyball, 89M)
|
Bottom of the 2nd over - 0 run(s), 0 hit(s), 0 error(s), 0 left on base; Weslaco 0 - Oceanside 0 |
TOP OF THE 3RD |
Weslaco Chiefs batting - Pitching for Oceanside Swamp Foxes : RHP Héctor Montoya
|
Batting: RHB Jeremiah Ward
|
0-0: Called Strike 0-1: Ball 1-1: Ball 2-1: Ball 3-1: Bunt missed! 3-2: Foul Ball, location: 2F 3-2: SINGLE (Line Drive, 8LS)
|
Batting: LHB Ángelo Lara
|
0-0: Foul Ball, location: 2F 0-1: Ball 1-1: Fly out, F6 (Popup, 6)
|
Batting: RHB Ron Newcombe
|
0-0: Called Strike 0-1: Called Strike 0-2: Ball Throwing error on steal attempt, E2 Jeremiah Ward to third 1-2: Foul Ball, location: 2F 1-2: Ground out 4-3 (Groundball, 4M) Jeremiah Ward scores
|
Batting: LHB Alberto Varela
|
0-0: Foul Ball, location: 2F 0-1: Ball 1-1: SINGLE (Flyball, 8RS)
|
Batting: RHB António Martínez
|
0-0: Ball Alberto Varela steals 2nd base 1-0: Called Strike 1-1: Foul Ball, location: 2F 1-2: Ground out 6-3 (Groundball, 6M)
|
Top of the 3rd over - 1 run(s), 2 hit(s), 1 error(s), 1 left on base; Weslaco 1 - Oceanside 0 |
BOTTOM OF THE 3RD |
Oceanside Swamp Foxes batting - Pitching for Weslaco Chiefs : RHP Jesús Sánchez
|
Batting: LHB Luis Aragón
|
0-0: Called Strike 0-1: Called Strike 0-2: Ball 1-2: Strikes out swinging
|
Batting: SHB Dale Winters
|
0-0: Called Strike 0-1: Ball 1-1: Bunted foul 1-2: DOUBLE (Line Drive, 89XD)
|
Batting: LHB Joel Nelson
|
0-0: Ball 1-0: Swinging Strike 1-1: Called Strike 1-2: Ball 2-2: Ball 3-2: Strikes out swinging
|
Batting: SHB Alberto Sandoval
|
0-0: Ball 1-0: Swinging Strike 1-1: Ball 2-1: Swinging Strike 2-2: Strikes out swinging
|
Bottom of the 3rd over - 0 run(s), 1 hit(s), 0 error(s), 1 left on base; Weslaco 1 - Oceanside 0 |
TOP OF THE 4TH |
Weslaco Chiefs batting - Pitching for Oceanside Swamp Foxes : RHP Héctor Montoya
|
Batting: RHB Germán Romero
|
0-0: Foul Ball, location: 2F 0-1: Ball 1-1: Ground out 5-3 (Groundball, 56)
|
Batting: LHB Ralph Cobb
|
0-0: Ball 1-0: Called Strike 1-1: Swinging Strike 1-2: Strikes out swinging
|
Batting: RHB Rob Byrd
|
0-0: Called Strike 0-1: Fly out, F8 (Line Drive, 8LM)
|
Top of the 4th over - 0 run(s), 0 hit(s), 0 error(s), 0 left on base; Weslaco 1 - Oceanside 0 |
BOTTOM OF THE 4TH |
Oceanside Swamp Foxes batting - Pitching for Weslaco Chiefs : RHP Jesús Sánchez
|
Batting: LHB Hamilton Hughes
|
0-0: Ball 1-0: Fly out, F8 (Flyball, 8LXD)
|
Batting: SHB Tony Yan
|
0-0: Ball 1-0: Foul Ball, location: 2F 1-1: Called Strike 1-2: Ball 2-2: Ball 3-2: Foul Ball, location: 2F 3-2: SINGLE (Line Drive, 89S)
|
Batting: RHB Rob Turner
|
0-0: Ball 1-0: Called Strike 1-1: Called Strike 1-2: Strikes out looking
|
Batting: RHB Joe Brinkman
|
0-0: Ground out 6-3 (Groundball, 6)
|
Bottom of the 4th over - 0 run(s), 1 hit(s), 0 error(s), 1 left on base; Weslaco 1 - Oceanside 0 |
TOP OF THE 5TH |
Weslaco Chiefs batting - Pitching for Oceanside Swamp Foxes : RHP Héctor Montoya
|
Batting: RHB Toshiki Kokawa
|
0-0: Foul Ball, location: 2F 0-1: Ball 1-1: Ball 2-1: Ball 3-1: Base on Balls
|
Batting: RHB Jeremiah Ward
|
0-0: Ball 1-0: Called Strike 1-1: Ball 2-1: Foul Ball, location: 2F 2-2: Strikes out swinging
|
Batting: LHB Ángelo Lara
|
0-0: Foul Ball, location: 2F 0-1: Called Strike 0-2: Ball 1-2: SINGLE (Groundball, 3L) Toshiki Kokawa to second Runner from 2nd tries for 3rd, SAFE, throw made to third
|
Batting: RHB Ron Newcombe
|
0-0: Called Strike 0-1: Ball 1-1: SINGLE (Line Drive, 6M) Toshiki Kokawa scores Ángelo Lara to second
|
Batting: LHB Alberto Varela
|
0-0: Called Strike Ángelo Lara steals 3rd base Ron Newcombe to second 0-1: Foul Ball, location: 2F 0-2: Ball 1-2: SINGLE (Line Drive, 8LS) Ángelo Lara scores Ron Newcombe to third Runner from 3rd tries for Home, SAFE, no throw or cutoff
|
Batting: RHB António Martínez
|
0-0: Ball 1-0: Ball 2-0: Called Strike 2-1: Ball 3-1: Foul Ball, location: 2F 3-2: Strikes out swinging Alberto Varela steals 2nd base Batter strikes out.
|
Pitching: LHP Lorenzo Guzmán
|
|
Batting: RHB Germán Romero
|
0-0: Foul Ball, location: 2F 0-1: Ball 1-1: Foul Ball, location: 2F 1-2: Ball 2-2: Ball 3-2: Strikes out swinging
|
Top of the 5th over - 3 run(s), 3 hit(s), 0 error(s), 1 left on base; Weslaco 4 - Oceanside 0 |
BOTTOM OF THE 5TH |
Oceanside Swamp Foxes batting - Pitching for Weslaco Chiefs : RHP Jesús Sánchez
|
Batting: SHB David Boyle
|
0-0: Foul Ball, location: 2F 0-1: Ground out 4-3 (Groundball, 4)
|
Batting: LHB Luis Aragón
|
0-0: Ball 1-0: Ground out 6-3 (Groundball, 6M)
|
Batting: SHB Dale Winters
|
0-0: SOLO HOME RUN (Line Drive, 9LD), Distance : 348 ft
|
Batting: LHB Joel Nelson
|
0-0: Ball 1-0: Ball 2-0: SINGLE (Groundball, 56D)
|
Batting: SHB Alberto Sandoval
|
0-0: Called Strike Joel Nelson steals 2nd base 0-1: Ball 1-1: Ball 2-1: Ball 3-1: Base on Balls
|
Batting: LHB Hamilton Hughes
|
0-0: Foul Ball, location: 2F 0-1: Called Strike 0-2: Strikes out swinging
|
Bottom of the 5th over - 1 run(s), 2 hit(s), 0 error(s), 2 left on base; Weslaco 4 - Oceanside 1 |
TOP OF THE 6TH |
Weslaco Chiefs batting - Pitching for Oceanside Swamp Foxes : LHP Lorenzo Guzmán
|
Batting: LHB Ralph Cobb
|
0-0: Ball 1-0: SINGLE (Line Drive, 8LS)
|
Batting: RHB Rob Byrd
|
0-0: Ball 1-0: Called Strike 1-1: Swinging Strike 1-2: Ball 2-2: Ball 3-2: Fly out, F9 (Line Drive, 89M) 3-2: Fly out, F9 (Line Drive, 89M)
|
Batting: RHB Toshiki Kokawa
|
0-0: Ball 1-0: Foul Ball, location: 2F 1-1: Called Strike 1-2: Ball 2-2: Ball 3-2: Strikes out swinging
|
Batting: RHB Jeremiah Ward
|
0-0: Ball 1-0: SINGLE (Groundball, 6) Ralph Cobb to second
|
Batting: LHB Ángelo Lara
|
0-0: Ball 1-0: Fly out, F8 (Flyball, 8LM)
|
Top of the 6th over - 0 run(s), 2 hit(s), 0 error(s), 2 left on base; Weslaco 4 - Oceanside 1 |
BOTTOM OF THE 6TH |
Oceanside Swamp Foxes batting - Pitching for Weslaco Chiefs : RHP Jesús Sánchez
|
Pitching: LHP William Bazley
|
|
Batting: SHB Tony Yan
|
0-0: Ball 1-0: Ball 2-0: Ball 3-0: Base on Balls
|
Batting: RHB Rob Turner
|
0-0: Swinging Strike 0-1: Grounds into double play, 5-4-3 (Groundball, 56)
|
Batting: RHB Joe Brinkman
|
0-0: Swinging Strike 0-1: Ball 1-1: Ball 2-1: Ball 3-1: Foul Ball, location: 2F 3-2: Base on Balls
|
Batting: SHB David Boyle
|
0-0: Ball 1-0: Foul Ball, location: 2F 1-1: Called Strike 1-2: Strikes out looking
|
Bottom of the 6th over - 0 run(s), 0 hit(s), 0 error(s), 1 left on base; Weslaco 4 - Oceanside 1 |
TOP OF THE 7TH |
Weslaco Chiefs batting - Pitching for Oceanside Swamp Foxes : LHP Lorenzo Guzmán
|
Batting: RHB Ron Newcombe
|
0-0: Swinging Strike 0-1: Swinging Strike 0-2: Strikes out swinging
|
Batting: LHB Alberto Varela
|
0-0: Ball 1-0: Called Strike 1-1: Swinging Strike 1-2: Ball 2-2: Ball 3-2: Foul Ball, location: 2F 3-2: Strikes out looking
|
Batting: RHB António Martínez
|
0-0: Foul Ball, location: 2F 0-1: Ball 1-1: Ball 2-1: Foul Ball, location: 2F 2-2: Strikes out swinging
|
Top of the 7th over - 0 run(s), 0 hit(s), 0 error(s), 0 left on base; Weslaco 4 - Oceanside 1 |
BOTTOM OF THE 7TH |
Oceanside Swamp Foxes batting - Pitching for Weslaco Chiefs : LHP William Bazley
|
Batting: LHB Luis Aragón
|
0-0: Ball 1-0: Ball 2-0: Ball 3-0: Called Strike 3-1: Called Strike 3-2: Foul Ball, location: 2F 3-2: Fly out, F5 (Popup, 25F)
|
Batting: SHB Dale Winters
|
0-0: Swinging Strike 0-1: Foul Ball, location: 2F 0-2: Foul Ball, location: 2F 0-2: Foul Ball, location: 2F 0-2: Ball 1-2: Ground out 6-3 (Groundball, 6)
|
Batting: LHB Joel Nelson
|
0-0: Ball 1-0: Ball 2-0: Foul Ball, location: 2F 2-1: Foul Ball, location: 2F 2-2: Foul Ball, location: 2F 2-2: Hit by Pitch
|
Batting: SHB Alberto Sandoval
|
0-0: Called Strike 0-1: Ball 1-1: Ground out 5-3 (Groundball, 5L)
|
Bottom of the 7th over - 0 run(s), 0 hit(s), 0 error(s), 1 left on base; Weslaco 4 - Oceanside 1 |
TOP OF THE 8TH |
Weslaco Chiefs batting - Pitching for Oceanside Swamp Foxes : LHP Lorenzo Guzmán
|
Pitching: RHP Júlio Lucchi
|
|
Batting: RHB Germán Romero
|
0-0: Called Strike 0-1: Foul Ball, location: 2F 0-2: Ball 1-2: Ball 2-2: Foul Ball, location: 2F 2-2: Ball 3-2: Base on Balls
|
Batting: LHB Ralph Cobb
|
0-0: Ball 1-0: Ball 2-0: Fly out, F8 (Flyball, 8RM)
|
Batting: RHB Rob Byrd
|
0-0: Ball 1-0: Ball 2-0: Foul Ball, location: 2F 2-1: Swinging Strike 2-2: Strikes out looking
|
Batting: RHB Toshiki Kokawa
|
0-0: Called Strike 0-1: Ball 1-1: Ground out 5-3 (Groundball, 5L)
|
Top of the 8th over - 0 run(s), 0 hit(s), 0 error(s), 1 left on base; Weslaco 4 - Oceanside 1 |
BOTTOM OF THE 8TH |
Oceanside Swamp Foxes batting - Pitching for Weslaco Chiefs : LHP William Bazley
|
Batting: LHB Hamilton Hughes
|
0-0: Ball 1-0: Called Strike 1-1: Fly out, F7 (Line Drive, 7M)
|
Batting: SHB Tony Yan
|
0-0: Fly out, F9 (Flyball, 9M)
|
Batting: RHB Rob Turner
|
0-0: Ball 1-0: Ball 2-0: Ball 3-0: Called Strike 3-1: Base on Balls
|
Batting: RHB Joe Brinkman
|
0-0: Ground out 5-3 (Groundball, 5S)
|
Bottom of the 8th over - 0 run(s), 0 hit(s), 0 error(s), 1 left on base; Weslaco 4 - Oceanside 1 |
TOP OF THE 9TH |
Weslaco Chiefs batting - Pitching for Oceanside Swamp Foxes : RHP Júlio Lucchi
|
Batting: RHB Jeremiah Ward
|
0-0: Foul Ball, location: 2F 0-1: Foul Ball, location: 2F 0-2: Ball 1-2: Strikes out swinging
|
Batting: LHB Ángelo Lara
|
0-0: Ball 1-0: Fly out, F7 (Flyball, 7M)
|
Batting: RHB Ron Newcombe
|
0-0: Fly out, F8 (Flyball, 8LXD)
|
Top of the 9th over - 0 run(s), 0 hit(s), 0 error(s), 0 left on base; Weslaco 4 - Oceanside 1 |
BOTTOM OF THE 9TH |
Oceanside Swamp Foxes batting - Pitching for Weslaco Chiefs : LHP William Bazley
|
Batting: SHB David Boyle
|
0-0: Ball 1-0: Ball 2-0: Called Strike 2-1: Ball 3-1: Swinging Strike 3-2: Foul Ball, location: 2F 3-2: Foul Ball, location: 2F 3-2: Fly out, F8 (Flyball, 8RM)
|
Batting: LHB Luis Aragón
|
0-0: Ball 1-0: Swinging Strike 1-1: Fly out, F9 (Flyball, 9M)
|
Pitching: RHP Marc Brooks
|
|
Batting: SHB Dale Winters
|
0-0: Foul Ball, location: 2F 0-1: Fly out, F6 (Line Drive, 6)
|
Bottom of the 9th over - 0 run(s), 0 hit(s), 0 error(s), 0 left on base; Weslaco 4 - Oceanside 1 |
|